 Dungeon Crawl Stone Soup version 0.16.1-11-g651b585 (webtiles) character file.

502 hulla the Changer (level 7, -7/46 HPs)
             Began as an Octopode Transmuter on Apr 1, 2015.
             Mangled by Menkaure (25 damage)
             ... on level 4 of the Dungeon.
             The game lasted 00:47:04 (6876 turns).

hulla the Changer (Octopode Transmuter)             Turns: 6876, Time: 00:47:04

Health: -7/46      AC:  2    Str: 10    XL:     7   Next: 17%
Magic:  12/12      EV: 19    Int: 17    God:
Gold:   169        SH:  0    Dex: 17    Spells: 4 memorised, 0 levels left

rFire  . . .     SeeInvis .     G - melded +2 dagger (venom)
rCold  . . .     Clarity  .     (shield currently unavailable)
rNeg   . . .     SustAb   +     (helmet currently unavailable)
rPois  x         Gourm    .     (no amulet)
rElec  .         Spirit   .     c - ring of sustain abilities
rCorr  .         Warding  .     (no ring)
rMut   .         Stasis   .     (no ring)
MR     .....                    (no ring)
Stlth  ++........               (no ring)
                                (no ring)
                                (no ring)
                                (no ring)

@: spider-form (expiring), not resistant to hostile enchantments, unstealthy
A: almost no armour, amphibious, 8 rings, (constrict 8), (camouflage 0),
(gelatinous body 0)
a: End Transformation


You were on level 4 of the Dungeon.
You were not hungry.
You were a venomous arachnid creature.
You visited 1 branch of the dungeon, and saw 4 of its levels.
You also visited: Sewer.

You collected 169 gold pieces.

Inventory:

Hand weapons
 a - a +3 hunting sling
 n - a +0 whip
 o - a +0 mace of holy wrath
 y - a +0 short sword of draining
 G - a +2 dagger of venom (melded)
 I - a +0 mace of venom
 M - a +2 short sword of speed
Missiles
 b - 44 arrows
 k - 6 arrows of flame
 l - 3 needles of slowing
 s - 40 stones (quivered)
 u - 12 sling bullets of frost
 w - 15 arrows of frost
 A - 21 poisoned needles
 D - 23 sling bullets
Jewellery
 c - a ring of sustain abilities (left front leg)
 h - an uncursed ring of fire
Magical devices
 r - a wand of enslavement (6)
 F - a wand of magic darts (13)
 J - a wand of cold (11)
Scrolls
 e - a scroll of recharging
 m - a scroll of amnesia
 t - a scroll of remove curse
 z - a scroll of blinking {unknown}
 B - a scroll of magic mapping {unknown}
 C - a scroll of enchant weapon {unknown}
 H - a scroll of teleportation
Potions
 i - 3 potions of heal wounds {unknown}
 p - 4 potions of poison {unknown}
 q - a potion of invisibility {unknown}
 x - a potion of brilliance {unknown}
 E - a potion of cancellation {unknown}
 L - a potion of magic {unknown}
Books
 d - a book of Changes

   Spells                             Type                      Level
   a - Beastly Appendage              Transmutation                1
   b - Sticks to Snakes               Transmutation                2
   c - Spider Form                    Transmutation/Poison         3
   d - Ice Form                       Ice/Transmutation            4
   e - Blade Hands                    Transmutation                5
Comestibles
 f - a fruit
 g - 2 bread rations
 j - 2 beef jerkies
 v - a royal jelly
 K - a chunk of flesh


   Skills:
 - Level 3.3 Fighting
 - Level 2.0 Dodging
 - Level 3.0 Unarmed Combat
 - Level 2.0 Spellcasting
 - Level 5.3 Transmutations
 + Level 1.2 Ice Magic
 - Level 4.2 Poison Magic


You couldn't memorise any spells.
You knew the following spells:

 Your Spells              Type           Power        Failure   Level  Hunger
a - Beastly Appendage     Trmt           ###...       10%         1    #......
b - Spider Form           Trmt/Pois      ###.......   24%         3    ###....
c - Sticks to Snakes      Trmt           ###.......   12%         2    ###....
d - Ice Form              Ice/Trmt       ##......     78%         4    #####..


Dungeon Overview and Level Annotations

Branches:
Dungeon (4/15)
 Temple: D:4-7

Altars:
Dithmenos
Kikubaaqudgha
Sif Muna
Xom
Yredelemnul

Annotations:
D:3 Purgy
D:4 Menkaure


Innate Abilities, Weirdness & Mutations

You cannot wear most types of armour.
You are amphibious.
You can wear up to eight rings at the same time.
((You can use your tentacles to constrict many enemies at once.))
((Your skin changes colour to match your surroundings (Stealth).))
((Your rubbery body absorbs attacks (AC +1).))


Message History

Menkaure hits you but does no damage.
An orc comes into view. It is wielding a short sword.
The orc shouts!
You hit Menkaure.
Menkaure is heavily damaged.
Menkaure barely misses you.
You hit Menkaure.
Menkaure is heavily damaged.
Menkaure's ankle releases a plume of dust as he confides, "I'm not really a mummy, you know."
Menkaure calls on the powers of darkness!
Your body is wracked with pain!
The orc convulses!
You hit Menkaure.
Menkaure is severely damaged.
Menkaure points at you and mumbles some strange words.
Pain shoots through your body!
You hit Menkaure.
Menkaure is severely damaged.
Menkaure hits you!!
Ouch! That really hurt!
You die...

####### #.....# #
###.....### #
#.........##################
#........oMs..............[.
#.........##################
#.........# #.........#
###.......## # #.....#M.## #
########..##### # ##.....#
## #####M...# #.


You could see Menkaure and an orc.

Vanquished Creatures
  Duvessa (D:4)
  Dowan (D:4)
  Crazy Yiuf (D:2)
  A centaur skeleton (D:3)
  3 orc wizards
  2 worker ants
  Jessica (D:3)
  4 river rats (Sewer)
  6 adders
  A giant mite (D:3)
  2 worms
  12 orcs
  2 ball pythons (Sewer)
  4 giant cockroaches
  5 goblins
  7 hobgoblins
  5 jackals
  11 kobolds
  A quokka (D:3)
  12 bats
  7 giant newts
  16 rats
  2 fungi (D:2)
107 creatures vanquished.

Notes
Turn   | Place    | Note
--------------------------------------------------------------
     0 | D:1      | hulla, the Octopode Transmuter, began the quest for the Orb.
     0 | D:1      | Reached XP level 1. HP: 13/13 MP: 3/3
   352 | D:1      | Reached XP level 2. HP: 15/18 MP: 2/4
  1160 | D:2      | Reached XP level 3. HP: 21/23 MP: 6/6
  1165 | D:2      | Learned a level 3 spell: Spider Form
  1168 | D:2      | Learned a level 2 spell: Sticks to Snakes
  1666 | D:2      | Found a shadowy altar of Dithmenos.
  1757 | D:2      | Noticed Crazy Yiuf
  1868 | D:3      | Found an ancient bone altar of Kikubaaqudgha.
  2091 | D:3      | Reached skill level 4 in Transmutations
  2091 | D:3      | Reached skill level 1 in Poison Magic
  2091 | D:3      | Reached XP level 4. HP: 8/28 MP: 2/7
  2307 | D:3      | Found a shimmering altar of Xom.
  2357 | D:3      | Noticed Purgy
  2398 | D:3      | Found a glowing drain.
  2413 | Sewer    | Entered a sewer
  2704 | Sewer    | Reached XP level 5. HP: 33/33 MP: 9/9
  3098 | Sewer    | Noticed quik's ghost (average HOFi)
  3688 | D:3      | Noticed Jessica
  3748 | D:3      | Killed Jessica
  3758 | D:3      | Found a deep blue altar of Sif Muna.
  3882 | D:3      | Reached XP level 6. HP: 27/38 MP: 5/10
  3971 | D:4      | Noticed Menkaure
  3971 | D:4      | Noticed a phantom
  4947 | D:4      | Found a basalt altar of Yredelemnul.
  5263 | D:2      | Killed Crazy Yiuf
  5263 | D:2      | Reached skill level 5 in Transmutations
  6423 | D:4      | Noticed Dowan
  6427 | D:4      | Noticed Duvessa
  6438 | D:4      | Killed Duvessa
  6438 | D:4      | Reached XP level 7. HP: 4/46 MP: 9/12
  6717 | D:3      | Learned a level 4 spell: Ice Form
  6754 | D:4      | Killed Dowan
  6754 | D:4      | Reached skill level 1 in Ice Magic
  6876 | D:4      | Mangled by Menkaure

Action                   |  1- 3 |  4- 6 |  7- 9 || total
-------------------------+-------+-------+-------++-------
Melee: Unarmed           |   113 |   181 |    14 ||   308
       Dagger            |       |    16 |     1 ||    17
 Fire: Hunting sling     |    12 |    24 |       ||    36
 Cast: Beastly Appendage |    12 |     5 |       ||    17
       Spider Form       |     1 |    23 |     3 ||    27
       Sticks to Snakes  |       |     4 |       ||     4
 Abil: End Transformatio |       |     3 |       ||     3
  Use: Scroll            |     5 |     1 |     1 ||     7
 Stab: Distracted        |     1 |       |       ||     1
       Sleeping          |     1 |       |       ||     1
  Eat: Chunk             |     4 |    16 |     1 ||    21
       Fruit             |       |     1 |     1 ||     2
